 Dungeon Crawl Stone Soup version 0.29-a0-994-gc5c9f59d18 (webtiles) character file.

Game seed: 10636686573771951293

76 concernfroge the Trooper (level 4, -5/39 HPs)
             Began as a Mummy Monk on Aug 4, 2022.
             Killed from afar by Sigmund (8 damage)
             ... with a puff of flame
             ... on level 3 of the Dungeon.
             The game lasted 00:05:57 (1754 turns).

concernfroge the Trooper (Mummy Monk)               Turns: 1754, Time: 00:05:58

Health: -5/39      AC:  6    Str: 16    XL:     4   Next: 12%
Magic:  4/4        EV: 10    Int: 15    God:
Gold:   109        SH:  0    Dex: 14    Spells: 3/3 levels left

rFire   . . .      SeeInvis .   i - +0 trident
rCold   . . .      Faith    .   (no shield)
rNeg    + + +      Spirit   .   l - +0 scale mail
rPois   ∞          Reflect  .   (no helmet)
rElec   .          Harm     .   (no cloak)
rCorr   .          Rampage  .   (no gloves)
Will    .....                   (no boots)
Stlth   ..........              (no amulet)
HPRegen 0.13/turn               g - +6 ring of intelligence
MPRegen 0.09/turn               h - ring of fire

@: no status effects
A: cold resistance 1, negative energy resistance 3, torment resistance 2, heat
vulnerability 1, in touch with death 1, no potions
a: no special abilities


You were on level 3 of the Dungeon.
You visited 1 branch of the dungeon, and saw 3 of its levels.

You collected 109 gold pieces.

Inventory:

Hand Weapons
 a - a +0 spear
 i - a +0 trident (weapon)
Missiles
 d - 4 boomerangs
 k - 3 poisoned darts
 m - 2 javelins (quivered)
Armour
 l - a +0 scale mail (worn)
Jewellery
 g - a +6 ring of intelligence (left hand)
 h - a ring of fire (right hand)
Scrolls
 b - a scroll of enchant weapon
 c - a scroll of identify
 e - 2 scrolls of poison
 f - a scroll of fog
 j - a scroll of brand weapon {unknown}
 n - a scroll of blinking {unknown}


   Skills:
 + Level 5.0 Fighting
 - Level 2.4 Polearms
 - Level 2.4 Dodging
 - Level 1.5 Stealth


You had 3 spell levels left.
You didn't know any spells.
Your spell library contained the following spells:

 Spells                   Type           Power      Damage    Failure   Level
 Ozocubu's Armour         Ice            0%         N/A       97%         3
 Anguish                  Hex/Necr       0%         N/A       100%        4
 Metabolic Englaciation   Hex/Ice        0%         N/A       100%        5
 Simulacrum               Ice/Necr       0%         N/A       100%        6
 Enfeeble                 Hex            0%         N/A       100%        7


Dungeon Overview and Level Annotations

Branches:
Dungeon (3/15)

Altars:

Shops:
D:1 =:   D:2 [

Annotations:
D:3 Sigmund


Innate Abilities, Weirdness & Mutations

You are immune to poison.
Your flesh is cold resistant. (rC+)
You are immune to negative energy. (rN+++)
You are immune to unholy pain and torment.
You are vulnerable to heat. (rF-)
You are in touch with the powers of death.
You do not drink.


Message History

You reach to attack!
You hit something. Something hits you!
Reach: i) +0 trident
Press: ? - help, Dir - move target
Aim: Disturbance (black smoke)
You reach to attack!
You hit something but do no damage. Something hits you.
Reach: i) +0 trident
Press: ? - help, Dir - move target
Aim: Disturbance (black smoke)
You reach to attack!
You closely miss something. Something hits you.
Reach: i) +0 trident
Press: ? - help, Dir - move target
Aim: Disturbance (black smoke)
You reach to attack!
You closely miss something. Something hits you.
* * * LOW HITPOINT WARNING * * *
Reach: i) +0 trident
Press: ? - help, Dir - move target
Aim: Disturbance (black smoke)
You reach to attack!
You closely miss something.
Okay, then.
Reach: i) +0 trident
Press: ? - help, Dir - move target
Aim: Disturbance (black smoke)
You reach to attack!
You barely miss something. Something hits you but does no damage.
Reach: i) +0 trident
Press: ? - help, Dir - move target
Aim: Disturbance (black smoke)
You reach to attack!
You hit something but do no damage. Something hits you but does no damage.
Reach: i) +0 trident
Press: ? - help, Dir - move target
Aim: Disturbance (black smoke)
You reach to attack!
You closely miss something. Something hits you!
* * * LOW HITPOINT WARNING * * *
You can't see any enemies this would affect, really read the scroll of poison?
The air fills with toxic fumes!
As you read the scroll of poison, it crumbles to dust.
A puff of flame appears from out of thin air!
The puff of flame hits you!
You die...

##### # #...# .#
##.##.#<##.##.##
................
.######....##.##
#.#### #...#
###@# #.# #.#
####.# #..{.# ##
#.#### .. #§#
#§##.# #§.{.#


There were no monsters in sight!

Vanquished Creatures
  3 adders (D:2)
  A worm (D:2)
  3 dart slugs
  4 ball pythons
  A bat (D:1)
  3 endoplasms
  2 giant cockroaches (D:1)
  A goblin (D:1)
  3 hobgoblins
  6 jackals
  3 frilled lizards (D:1)
  4 kobolds
  4 rats
38 creatures vanquished.

Notes
Turn   | Place    | Note
-------+----------+-------------------------------------------
     0 | D:1      | concernfroge the Mummy Monk began the quest for the Orb.
     0 | D:1      | Reached XP level 1. HP: 18/18 MP: 1/1
   458 | D:1      | Reached XP level 2. HP: 17/25 MP: 2/2
   558 | D:1      | Found Ato Ojakk's Book Emporium.
   716 | D:1      | Found a faded altar of an unknown god.
   834 | D:1      | Found Juori's Jewellery Boutique.
   871 | D:1      | Reached skill level 4 in Fighting
  1277 | D:2      | Gained mutation: You are in touch with the powers of death.
                  | [Mummy growth]
  1277 | D:2      | Reached XP level 3. HP: 30/30 MP: 3/3
  1514 | D:2      | Reached XP level 4. HP: 38/38 MP: 4/4
  1526 | D:2      | Reached skill level 5 in Fighting
  1555 | D:2      | Found Hilutoq's Armour Shoppe.
  1729 | D:3      | Noticed Sigmund
  1754 | D:3      | Killed from afar by Sigmund

Illustrated notes

Levels and vault maps discovered:
D:1:      dpeg_arrival_ternary, layout_basic, serial_shops, nicolae_square_shop,
          nicolae_shop_hallway_stairs, ebering_ecumenical_altar_rust,
          dk_noncrumbling_3, grunt_decor_one_mirror
D:2:      layout_rooms, serial_shops, nicolae_shop_crystal
D:3:      layout_basic, hangedman_decor_peaks_small, uniq_sigmund

Skill      XL: |  1  2  3  4 |
---------------+-------------+-----
Fighting       | 4 5 |  5.0
Polearms       | |  2.4
Dodging        | |  2.4
Stealth        | |  1.5

Action                   |  1- 3 |  4- 6 || total
-------------------------+-------+-------++-------
Melee: Spear             |    33 |       ||    33
       Punch             |     2 |       ||     2
       Trident           |    69 |    16 ||    85
Throw: Boomerang         |    18 |       ||    18
  Use: Scroll            |       |     5 ||     5
 Stab: Sleeping          |     1 |       ||     1
Armor: Robe              |     4 |       ||     4
       Scale mail        |    12 |     4 ||    16
Dodge: Dodged            |    50 |       ||    50

Table legend: (Time is in decaauts)
 A = Elapsed time spent in this place.
 B = Non-inter-level travel time spent in this place.
 C = Inter-level travel time spent in this place.
 D = Time resting spent in this place.
 E = Time spent auto-exploring this place.
 F = Levels seen in this place.
 G = Mean time per level.
                   A        B        C        D        E       F      G
               +--------+--------+--------+--------+--------+-----+--------+
         Total |   1772 |   1690 |     82 |    259 |   1143 |   3 |  590.7 |
       Dungeon |   1772 |   1690 |     82 |    259 |   1143 |   3 |  590.7 |
               +--------+--------+--------+--------+--------+-----+--------+

Top non-repeatable levels by time:
     D:1: 1256 daAuts
     D:2: 468 daAuts
     D:3: 47 daAuts
